 Dungeon Crawl Stone Soup version 0.30-a0-135-g630cfc4551 (webtiles) character file.

Game seed: 17097883319193244297

14260 juncz the Frost Mage (level 11, -12/85 HPs)
             Began as a Green Draconian Ice Elementalist on Sept 20, 2022.
             Was an Initiate of Gozag.
             Mangled by a minotaur
             ... wielding a +0 flail
              (28 damage)
             ... in a Gauntlet.
             The game lasted 00:54:49 (17499 turns).

juncz the Frost Mage (DrIE)                        Turns: 17499, Time: 00:54:50

Health: -12/85     AC: 22    Str: 13    XL:     11   Next: 86%
Magic:  21/26      EV: 12    Int: 21    God:    Gozag
Gold:   741        SH:  0    Dex: 15    Spells: 22/32 levels left

rFire   . . .      SeeInvis .    F - +2 mace (holy)
rCold   + . .      Faith    .    (no shield)
rNeg    . . .      Spirit   .    (body armour unavailable)
rPois   +          Reflect  .    T - +2 hat of Zasox {rC+ Regen+ Str+3 Dex+4}
rElec   .          Harm     .    x - +1 cloak {Will+}
rCorr   .          Rampage  .    M - +0 pair of gloves
Will    +....      NoTele   +    Q - +0 pair of boots
Stlth   ++........               (no amulet)
HPRegen 1.04/turn                (no ring)
MPRegen 0.20/turn                (no ring)

@: ice-armoured, freezing walls, studying Transmutations
A: breathe noxious fumes, AC +7, unfitting armour, poison resistance,
cold-blooded
a: Breathe Noxious Fumes, Renounce Religion, Potion Petition, Call Merchant,
Bribe Branch


You were in a Gauntlet.
You worshipped Gozag.
Gozag was pleased with you.
You visited 3 branches of the dungeon, and saw 12 of its levels.
You also visited: Sewer, Ossuary and Gauntlet.

You collected 1963 gold pieces.
You spent 1165 gold pieces at shops.
You paid 57 gold pieces to Gozag.

Inventory:

Hand Weapons
 b - a +1 dagger
 F - a +2 mace of holy wrath (weapon)
 V - a +5 demon whip of freezing
Missiles
 c - 90 stones (quivered)
 S - a throwing net
Armour
 x - a +1 cloak of willpower (worn)
 H - a +1 cloak
 M - a +0 pair of gloves (worn)
 Q - a +0 pair of boots (worn)
 T - the +2 hat of Zasox (worn) {rC+ Regen+ Str+3 Dex+4}
   (You found it in a Gauntlet)

   Str:       It affects your strength (+3).
   Dex:       It affects your dexterity (+4).
   rC:        It protects you from cold.
   Regen:     It increases your rate of health regeneration.
Magical Staves
 h - a staff of death
 l - a staff of fire
Jewellery
 e - a ring of resist corrosion
 u - a ring of ice
 D - a ring of flight
 R - a +4 ring of evasion
Wands
 G - a wand of mindburst (20)
 L - a wand of iceblast (15)
 N - a wand of flame (20)
Scrolls
 a - 3 scrolls of torment
 f - 5 scrolls of vulnerability
 g - 3 scrolls of poison
 k - a scroll of blinking
 o - 3 scrolls of enchant weapon
 q - 2 scrolls of amnesia
 s - 11 scrolls of teleportation
 t - 2 scrolls of butterflies
 v - 4 scrolls of noise {unknown}
 w - a scroll of acquirement {unknown}
 y - 2 scrolls of summoning
 z - 2 scrolls of enchant armour
 J - 5 scrolls of immolation {unknown}
 O - 5 scrolls of fear {unknown}
 P - a scroll of magic mapping
Potions
 d - 5 potions of mutation {unknown}
 i - 2 potions of flight {unknown}
 j - 9 potions of curing {unknown}
 m - 2 potions of invisibility {unknown}
 n - a potion of degeneration {unknown}
 p - 7 potions of heal wounds {unknown}
 r - 3 potions of berserk rage {unknown}
 A - 4 potions of brilliance {unknown}
 B - a potion of cancellation {unknown}
 E - a potion of ambrosia {unknown}
 I - a potion of lignification {unknown}
 K - 3 potions of might {unknown}
 U - a potion of magic


   Skills:
 + Level 4.9 Fighting
 - Level 1.7 Dodging
 - Level 1.7 Stealth
 + Level 11.1 Spellcasting
 - Level 6.0 Conjurations
 + Level 6.6 Transmutations
 + Level 12.4 Ice Magic
 - Level 4.0 Earth Magic


You had 22 spell levels left.
You knew the following spells:

 Your Spells              Type           Power      Damage    Failure   Level
a - Freeze                Ice            100%       1d11      1%          1
b - Frozen Ramparts       Ice            100%       1d16      1%          3
c - Ozocubu's Armour      Ice            59%        N/A       1%          3
d - Stone Arrow           Conj/Erth      64%        3d11      2%          3

Your spell library contained the following spells:

 Spells                   Type           Power      Damage    Failure   Level
 Sandblast                Erth           56%        2d13      1%          1
 Passwall                 Tmut/Erth      27%        N/A       1%          2
 Hailstorm                Conj/Ice       50%        3d11      1%          4
 Ice Form                 Ice/Tmut       51%        N/A       1%          4
 Static Discharge         Conj/Air       48%        2-4/arc   2%          2
 Summon Ice Beast         Ice/Summ       37%        N/A       4%          4
 Slow                     Hex            44%        N/A       6%          1
 Ignite Poison            Fire/Tmut/Pois 20%        N/A       7%          3
 Freezing Cloud           Conj/Ice/Air   18%        6-21      13%         5
 Call Canine Familiar     Summ           11%        N/A       17%         3
 Confusing Touch          Hex            11%        N/A       17%         3
 Portal Projectile        Hex/Tloc       22%        N/A       17%         3
 Vampiric Draining        Necr           11%        2d6       17%         3
 Sticky Flame             Conj/Fire      24%        2d5       17%         4
 Leda's Liquefaction      Hex/Erth       10%        N/A       26%         4
 Yara's Violent Unravell  Hex/Tmut       12%        3d7       38%         5
 Statue Form              Tmut/Erth      22%        N/A       71%         6
 Enfeeble                 Hex            5%         N/A       100%        7
 Maxwell's Capacitive Co  Air            5%         ∞         100%        8
 Polar Vortex             Ice            29%        N/A       100%        9
 Simulacrum               Ice/Necr       Unusable   N/A       N/A         6

Dungeon Overview and Level Annotations

Branches:
Dungeon (9/15)             Temple (1/1) D:4            Lair (2/5) D:9
  Snake (0/4) Lair:2        Sewer (visited)         Ossuary (visited)
Gauntlet (1/1)
  Swamp: Lair:2-3    Shoals: Lair:2-3       Orc: D:9-12

Altars:
Ashenzari
Cheibriados
Dithmenos
Elyvilon
Fedhas
Gozag
Hepliaklqana
Kikubaaqudgha
Makhleb
Nemelex Xobeh
Okawaru
Qazlal
Ru
Sif Muna
Uskayaw
Vehumet
Wu Jian
Xom
Yredelemnul
Zin
The Shining One

Shops:
D:2 :   D:9 [

Annotations:
Lair:1 1 runed translucent door, pigah's ghost, journeyman OpAE Gauntlet 6 transporters


Innate Abilities, Weirdness & Mutations

You can breathe blasts of noxious fumes.
Your lurid green scales are hard. (AC +7)
You cannot fit into any form of body armour.
Your system is resistant to poisons. (rPois)
You are cold-blooded and may be slowed by cold attacks.


Message History

The bolt of dispelling energy hits the minotaur but does no damage.
The minotaur is heavily wounded.
The wall freezes the minotaur but does no damage.
The minotaur hits you with a +0 flail!! The minotaur gores you!
Aiming: Quicksilver Bolt
Press: ? - help, Shift-Dir - straight line, f/p - minotaur
Aim: a minotaur, wielding a +0 flail, wearing a +10 plate armour of ponderousness and quivering silver javelins (heavily wounded, 86% to hit)
The bolt of dispelling energy hits the minotaur!
The minotaur is severely wounded.
The minotaur zombie resists.
The wall freezes the minotaur zombie.
The wall freezes the minotaur but does no damage.
The minotaur hits you with a +0 flail! The minotaur gores you.
Aiming: Quicksilver Bolt
Press: ? - help, Shift-Dir - straight line, f/p - minotaur
Aim: a minotaur, wielding a +0 flail, wearing a +10 plate armour of ponderousness and quivering silver javelins (severely wounded, 86% to hit)
The bolt of dispelling energy hits the minotaur but does no damage.
The minotaur is severely wounded.
The now-empty wand crumbles to dust.
The minotaur zombie resists.
The wall freezes the minotaur zombie.
The wall freezes the minotaur but does no damage.
The minotaur hits you with a +0 flail!
* * * LOW HITPOINT WARNING * * *
The minotaur gores you but does no damage.
Aiming: Mindburst
Press: ? - help, Shift-Dir - straight line, f/p - minotaur
Aim: a minotaur, wielding a +0 flail, wearing a +10 plate armour of ponderousness and quivering silver javelins (severely wounded, chance to affect: 6%)
Okay, then.
Aiming: Iceblast
Press: ? - help, Shift-Dir - straight line, f - minotaur zombie, p - minotaur
Aim: a minotaur zombie (lightly damaged) That beam is likely to hit you.
Continue anyway?
The mass of ice explodes!
The iceblast engulfs the minotaur.
The minotaur is severely wounded.
The iceblast engulfs the minotaur zombie.
The minotaur zombie is lightly damaged.
The iceblast engulfs you but does no damage.
The wall freezes the minotaur but does no damage.
The minotaur hits you with a +0 flail!!
You die...
Your body crumbles into a pile of gold.

#########.©..©.###########
#####......# ##
#..............
#.............
####.###.###.#
###.###.###.# #...........
#.###.###.###.#
#.......@.....#
#######H####### #Z ∩. ...
'⌠.. ##..⌠ ###+


You could see a minotaur and a minotaur zombie.

Vanquished Creatures
  A death drake (Gauntlet)
  A cyclops (D:9)
  A spectral centaur (Gauntlet)
  A gargoyle (D:6)
  2 komodo dragons (Lair:1)
  10 cane toads (Lair:1)
  A troll (D:9)
  A polar bear (Lair:1)
  2 hornets
  4 blink frogs (Lair:1)
  A shadow (D:9)
  4 wyverns
  9 yaks
  A basilisk (Lair:1)
  2 steam dragons
  3 swamp worms (Gauntlet)
  5 water moccasins
  2 acid dragons (D:9)
  4 black bears
  An orc warrior (D:9)
  3 sky beasts
  An ogre (D:5)
  5 wolves
  2 centaurs
  2 phantoms (D:5)
  5 elf zombies (Ossuary)
  11 bullfrogs
  A gnoll sergeant (D:9)
  3 scorpions
  4 wights (D:9)
  3 howler monkeys (D:8)
  3 centaur zombies (Ossuary)
  A hound (D:5)
  4 human zombies (Ossuary)
  An orc priest (D:4)
  A boggart zombie (Gauntlet)
  Natasha (thrice) (D:2)
  Terence (D:3)
  5 iguanas
  A hell rat (Sewer)
  3 mummies (Ossuary)
  Robin (D:2)
  7 adders
  13 gnolls
  3 river rats
  A shadow imp (D:7)
  A white imp (D:6)
  3 ufetubi
  3 worms
  3 dart slugs
  24 orcs
  8 endoplasms
  5 giant cockroaches
  17 goblins
  13 hobgoblins
  10 jackals
  12 kobolds
  5 quokkas
  9 ball pythons
  4 bats
  5 frilled lizards
  9 rats
275 creatures vanquished.

Vanquished Creatures (collateral kills)
  An ice beast (D:6)
1 creature vanquished.

Vanquished Creatures (others)
  32 fungi
  39 plants
  2 withered plants (Lair:1)
73 creatures vanquished.

Grand Total: 349 creatures vanquished

Notes
Turn   | Place    | Note
-------+----------+-------------------------------------------
     0 | D:1      | juncz the Draconian Ice Elementalist began the quest for
                  | the Orb.
     0 | D:1      | Reached XP level 1. HP: 14/14 MP: 3/3
   412 | D:1      | Reached XP level 2. HP: 20/20 MP: 3/5
  1301 | D:1      | Reached XP level 3. HP: 26/26 MP: 5/7
  1305 | D:1      | Learned a level 3 spell: Frozen Ramparts
  1309 | D:1      | Learned a level 3 spell: Ozocubu's Armour
  1451 | D:1      | Got the Discourse on the Brume and the Quarry
  1676 | D:1      | Found a faded altar of an unknown god.
  1927 | D:2      | Noticed Robin
  2071 | D:2      | Killed Robin
  2198 | D:2      | Reached XP level 4. HP: 33/33 MP: 2/8
  2335 | D:2      | Noticed Natasha
  2342 | D:2      | Killed Natasha
  2343 | D:2      | Reached skill level 5 in Ice Magic
  2619 | D:2      | Noticed Natasha
  2627 | D:2      | Killed Natasha
  2949 | D:2      | Noticed a scorpion
  2960 | D:2      | Killed a scorpion
  2961 | D:2      | Reached XP level 5. HP: 38/38 MP: 1/11
  3046 | D:2      | Found Enogg's Book Shoppe.
  3301 | D:2      | Noticed Natasha
  3307 | D:2      | Killed Natasha
  3515 | D:3      | Reached XP level 6. HP: 44/45 MP: 5/12
  3595 | D:3      | Reached skill level 6 in Ice Magic
  3938 | D:3      | Noticed Terence
  3943 | D:3      | Killed Terence
  3994 | D:3      | Learned a level 3 spell: Stone Arrow
  4283 | D:3      | Found an ornate altar of the Wu Jian Council.
  4482 | D:3      | Found a glowing silver altar of Zin.
  5045 | D:4      | Reached skill level 1 in Conjurations
  5144 | D:4      | Reached skill level 5 in Spellcasting
  5144 | D:4      | Reached skill level 1 in Earth Magic
  5144 | D:4      | Your scales start taking on a lurid green colour.
  5144 | D:4      | Reached XP level 7. HP: 32/50 MP: 6/14
  5144 | D:4      | Gained mutation: Your system is resistant to poisons.
                  | (rPois) [Green Draconian growth]
  5752 | D:4      | Found a staircase to the Ecumenical Temple.
  5761 | Temple   | Entered the Ecumenical Temple
  5977 | Temple   | Became a worshipper of Gozag Ym Sagoz the Greedy
  6171 | D:5      | Entered Level 5 of the Dungeon
  6286 | D:5      | Found a glowing drain.
  6290 | Sewer    | Entered a sewer
  7001 | D:5      | Reached skill level 7 in Ice Magic
  7001 | D:5      | Reached XP level 8. HP: 45/57 MP: 6/16
  7211 | D:5      | Identified the +2 robe of Existentialism {rCorr MP+9 Str+6}
  7519 | D:5      | Found a glowing golden altar of the Shining One.
  8255 | D:6      | Noticed a hornet
  8263 | D:6      | Killed a hornet
  8458 | D:6      | Found a radiant altar of Vehumet.
  8460 | D:6      | Found a shimmering blue altar of Sif Muna.
  8754 | D:6      | Noticed a gargoyle
  8763 | D:6      | Killed a gargoyle
  9203 | D:7      | Reached skill level 8 in Ice Magic
  9203 | D:7      | Reached XP level 9. HP: 62/62 MP: 12/18
  9210 | D:7      | Found a sand-covered staircase.
  9227 | Ossuary  | Entered an ossuary
  9360 | Ossuary  | Reached skill level 5 in Conjurations
 10985 | D:8      | Reached skill level 9 in Ice Magic
 11100 | D:8      | Reached XP level 10. HP: 29/69 MP: 4/22
 11794 | D:8      | Reached skill level 10 in Ice Magic
 12809 | D:9      | Noticed a cyclops
 13026 | D:9      | Found Simis's Armour Shop.
 13033 | D:9      | Bought a +0 pair of boots for 45 gold pieces
 13100 | D:9      | Reached skill level 11 in Ice Magic
 13198 | D:9      | Found a staircase to the Lair.
 13684 | D:9      | Reached skill level 10 in Spellcasting
 14325 | D:9      | Killed a cyclops
 14326 | D:9      | Reached XP level 11. HP: 40/74 MP: 14/25
 14542 | D:9      | Found a sparkling altar of Nemelex Xobeh.
 14890 | D:2      | Bought a manual of Transmutations for 1120 gold pieces
 15002 | Lair:1   | Entered Level 1 of the Lair of Beasts
 15058 | Lair:1   | Reached skill level 1 in Transmutations
 15061 | Lair:1   | Reached skill level 1 in Fighting
 15487 | Lair:1   | Found a runed translucent door.
 15488 | Lair:1   | Noticed pigah's ghost (journeyman OpAE)
 16062 | Lair:1   | Reached skill level 12 in Ice Magic
 16145 | Lair:1   | Reached skill level 5 in Transmutations
 16778 | Lair:2   | Found a gate leading to a gauntlet.
 16787 | Gauntlet | Entered a Gauntlet
 16787 | Gauntlet | Found a transporter.
 16787 | Gauntlet | Found a transporter.
 16787 | Gauntlet | Found a transporter.
 16815 | Gauntlet | Found a transporter.
 16825 | Gauntlet | Found a transporter.
 16828 | Gauntlet | Found a transporter.
 16830 | Gauntlet | Noticed a glowing orange brain
 16830 | Gauntlet | Noticed a glowing orange brain
 16833 | Gauntlet | Noticed a purple ugly thing
 16838 | Gauntlet | Found a transporter.
 16856 | Gauntlet | Found a runed translucent door.
 16857 | Gauntlet | Found a transporter.
 16858 | Gauntlet | Found a runed translucent door.
 16860 | Gauntlet | Noticed a death drake
 16861 | Gauntlet | Found a transporter.
 16864 | Gauntlet | Found a transporter.
 16872 | Gauntlet | Found a transporter.
 16875 | Gauntlet | Found a transporter.
 17175 | Gauntlet | Identified the +2 hat of Zasox {rC+ Regen+ Str+3 Dex+4}
 17311 | Gauntlet | Killed a death drake
 17490 | Gauntlet | Noticed a minotaur
 17499 | Gauntlet | Mangled by a minotaur

Illustrated notes

Levels and vault maps discovered:
D:1:      lightli_arrival_flooded_house, layout_basic,
          hellmonk_ecumenical_altar_leap_of_faith
D:2:      layout_loops_ring, serial_shops, nicolae_diamond_shop, uniq_natasha,
          uniq_robin
D:3:      minmay_bubble_buster, layout_loops_ring, nzn_wu_jian_contemplation,
          mainiacjoe_overflow_chevrons, uniq_terence
D:4:      layout_basic, minmay_temple_entry_drinking_statues, minmay_bisected
D:5:      layout_basic, mainiacjoe_overflow_alcove_1, gup_sewer_entry_bowl,
          chequers_mini_garden
D:6:      layout_loops_ring, jmf_multi_god_temple, minmay_microvault
D:7:      layout_basic, nicolae_ossuary_entry_ruins, enter_bailey_3
D:8:      layout_basic
D:9:      layout_cave_pods, nemelex_xobeh_ov_fountains_minmay,
          minmay_lair_entry_grove, serial_shops, shop
Temple:   regret_index_temple_generic_petals
Lair:1:   layout_chaotic_city, gammafunk_ghost_grave, beast_lair_carwin_3,
          lemuel_fruit_tree, serial_bayou_shore_b, grunt_megastairs_5
Lair:2:   layout_layer_cave, guppyfry_snake_entry_garden, gauntlet_entry_generic
Gauntlet: minmay_gauntlet_mixed_big_or_small [nicolae_gauntlet_arena_x,
          minmay_gauntlet_arena_77_block_sizes, gammafunk_gauntlet_arena_grid,
          minmay_gauntlet_arena_77_radiant_squares,
          gammafunk_gauntlet_arena_corners, minmay_gauntlet_arena_77_cramped,
          gauntlet_exit_hidden_loot]

Skill      XL: |  1  2  3  4  5  6  7  8  9 10 11 |
---------------+----------------------------------+-----
Spellcasting   | 3 4 5 6 8 10 11 | 11.1
Ice Magic      | 5 6 7 8 9 11 12 | 12.4
Conjurations   | 1 3 4 6 |  6.0
Earth Magic    | 1 3 4 |  4.0
Transmutations | 6 |  6.6
Fighting       | 4 |  4.9
Dodging        | |  1.7
Stealth        | |  1.7

Action                   |  1- 3 |  4- 6 |  7- 9 | 10-12 || total
-------------------------+-------+-------+-------+-------++-------
Melee: Unarmed           |     8 |       |       |       ||     8
       Tailslap          |     5 |       |    22 |     2 ||    29
       Dagger            |    13 |    10 |    21 |       ||    44
       Punch             |     1 |       |     1 |       ||     2
       Mace              |       |       |   115 |    13 ||   128
Throw: Stone             |     3 |     7 |     4 |    25 ||    39
 Cast: Freeze            |    42 |    67 |    87 |   122 ||   318
       Frozen Ramparts   |     8 |    24 |    44 |    47 ||   123
       Ozocubu's Armour  |       |     7 |     7 |    22 ||    36
       Stone Arrow       |       |       |    11 |    26 ||    37
 Abil: Breathe Noxious F |       |       |     1 |     2 ||     3
Evoke: Wand              |       |       |     1 |     7 ||     8
  Use: Potion            |     1 |       |     1 |     1 ||     3
       Scroll            |       |     2 |     8 |     3 ||    13
Armor: Skin              |     8 |    12 |    90 |    74 ||   184
Dodge: Dodged            |    37 |    45 |   123 |    97 ||   302

Table legend: (Time is in decaauts)
 A = Elapsed time spent in this place.
 B = Non-inter-level travel time spent in this place.
 C = Inter-level travel time spent in this place.
 D = Time resting spent in this place.
 E = Time spent auto-exploring this place.
 F = Levels seen in this place.
 G = Mean time per level.
                   A        B        C        D        E       F      G
               +--------+--------+--------+--------+--------+-----+--------+
         Total |  17560 |  16934 |    626 |   5454 |   9125 |  15 | 1170.7 |
       Dungeon |  13781 |  13227 |    554 |   4198 |   7437 |   9 | 1531.2 |
        Temple |    252 |    200 |     52 |      0 |    190 |   1 |  252.0 |
          Lair |   1790 |   1770 |     20 |    390 |   1115 |   2 |  895.0 |
         Sewer |    212 |    212 |      0 |      0 |    142 |   1 |  212.0 |
       Ossuary |    814 |    814 |      0 |    494 |    105 |   1 |  814.0 |
      Gauntlet |    707 |    707 |      0 |    372 |    134 |   1 |  707.0 |
               +--------+--------+--------+--------+--------+-----+--------+

Top non-repeatable levels by time:
     D:1: 1980 daAuts
     D:9: 1963 daAuts
     D:8: 1912 daAuts
     D:5: 1786 daAuts
  Lair:1: 1772 daAuts
     D:2: 1571 daAuts
     D:3: 1541 daAuts
     D:6: 1079 daAuts
     D:7: 1040 daAuts
     D:4: 907 daAuts
 Ossuary: 814 daAuts
Gauntlet: 707 daAuts
  Temple: 252 daAuts
   Sewer: 212 daAuts
  Lair:2: 17 daAuts
